 Dungeon Crawl Stone Soup version 0.29.1-1-gd02db6906a (webtiles) character file.

Game seed: 8328831967144389387

676 quakins the Grappler (level 7, -28/61 HPs)
             Began as a Troll Transmuter on Oct 22, 2022.
             Annihilated by an ogre
             ... wielding a +0 giant club
              (31 damage)
             ... on level 5 of the Dungeon.
             The game lasted 00:04:49 (3403 turns).

quakins the Grappler (Troll Transmuter)             Turns: 3403, Time: 00:04:50

Health: -28/61     AC:  4    Str: 21    XL:     7   Next: 33%
Magic:  7/7        EV:  9    Int:  9    God:
Gold:   99         SH:  0    Dex: 10    Spells: 5/8 levels left

rFire   . . .      SeeInvis .     - Unarmed
rCold   . . .      Faith    .   (no shield)
rNeg    . . .      Spirit   .   a - +0 robe
rPois   .          Reflect  .   (helmet restricted)
rElec   .          Harm     .   (no cloak)
rCorr   .          Rampage  .   (gloves unavailable)
Will    .....                   (boots unavailable)
Stlth   +.........              (no amulet)
HPRegen 1.00/turn               (no ring)
MPRegen 0.10/turn               (no ring)

@: no status effects
A: large, unfitting armour, claws 3, regeneration 1, shaggy fur 1, tough skin 1
a: no special abilities


You were on level 5 of the Dungeon.
You visited 1 branch of the dungeon, and saw 5 of its levels.

You collected 99 gold pieces.

Inventory:

Missiles
 r - 2 stones
Armour
 a - a +0 robe (worn)
Wands
 n - a wand of flame (11)
 t - a wand of digging (6)
Scrolls
 f - 2 scrolls of poison
 h - a scroll of enchant weapon {unknown}
 i - a scroll of immolation {unknown}
 k - a scroll of noise {unknown}
 m - a scroll of acquirement {unknown}
 o - 3 scrolls of identify
 p - 2 scrolls of vulnerability {unknown}
 q - a scroll of brand weapon {unknown}
Potions
 b - a potion of lignification
 c - a potion of brilliance {unknown}
 d - 2 potions of curing
 e - 2 potions of mutation {unknown}
 g - a potion of ambrosia {unknown}
 j - a potion of invisibility
 l - a potion of might {unknown}
 s - a potion of resistance {unknown}


   Skills:
 - Level 0.7 Fighting
 - Level 1.5 Dodging
 + Level 8.6 Unarmed Combat
 - Level 1.2 Spellcasting
 - Level 1.4 Transmutations


You had 5 spell levels left.
You knew the following spells:

 Your Spells              Type           Power      Damage    Failure   Level
a - Beastly Appendage     Tmut           6%         N/A       21%         1
b - Wereblood             Tmut           3%         N/A       30%         2

Your spell library contained the following spells:

 Spells                   Type           Power      Damage    Failure   Level
 Magic Dart               Conj           0%         1d3       36%         1
 Ensorcelled Hibernation  Hex/Ice        0%         N/A       50%         2
 Searing Ray              Conj           0%         2d4       50%         2
 Spider Form              Tmut/Pois      1%         N/A       63%         3
 Ignite Poison            Fire/Tmut/Pois 1%         N/A       65%         3
 Conjure Flame            Conj/Fire      0%         6-21      73%         3
 Ice Form                 Ice/Tmut       1%         N/A       95%         4
 Anguish                  Hex/Necr       0%         N/A       98%         4
 Fulminant Prism          Conj/Hex       0%         3d6       98%         4
 Sticky Flame             Conj/Fire      0%         2d3       98%         4


Dungeon Overview and Level Annotations

Branches:
Dungeon (5/15)             Temple (0/1) D:5

Altars:
Elyvilon
Kikubaaqudgha
Trog


Innate Abilities, Weirdness & Mutations

You are too large for most types of armour.
You have claws for hands.
Your natural rate of healing is unusually fast.
You are covered in fur. (AC +1)
You have tough skin. (AC +1)


Message History

You scratch the scorpion.
You kill the scorpion!
You claw the jelly!
Your claws burn!
The jelly is heavily wounded.
The jelly barely misses you.
You claw the jelly!
Your claws burn!
The jelly is almost dead.
The jelly closely misses you.
You mangle the jelly!!
You kill the jelly!
Found 5 gold pieces and a scroll of identify.
You see here a scorpion corpse.
You now have 99 gold pieces (gained 5).
You see here a +0 trident.
o - 3 scrolls of identify (gained 1)
You open the door.
Found a staircase to the Ecumenical Temple.
There is an open door here.
There is a fountain of sparkling water here.
You open the door.
There is an open door here.
An ogre comes into view. It is wielding a +0 giant club.
The ogre shouts!
An ogre is nearby!
An ogre is nearby!
You claw the ogre! x2
The ogre is severely wounded.
The ogre hits you with a +0 giant club!!!
Ouch! That really hurt!
You scratch the ogre but do no damage.
The ogre is severely wounded.
The ogre hits you with a +0 giant club!!
* * * LOW HITPOINT WARNING * * *
You barely miss the ogre.
The ogre is severely wounded.
You scratch the ogre.
The ogre is almost dead.
The ogre hits you with a +0 giant club!!
Ouch! That really hurt!
You die...

#.# #.# #.#
#### .#
#..#. #...
#... ..#
..########O#
.........@.#
#.#####.####
# #.# # #.##
# #..# #
##.#
######## #.#
......)####
#.#
.###.#....#
###.###


You could see an ogre.

Vanquished Creatures
  A necrophage (D:5)
  4 scorpions
  2 hounds
  3 jellies
  An orc priest (D:5)
  An iguana (D:4)
  An orc wizard (D:4)
  6 adders
  3 dart slugs
  9 orcs
  5 endoplasms
  2 giant cockroaches (D:3)
  5 goblins
  7 hobgoblins
  14 jackals
  3 quokkas (D:1)
  8 ball pythons
  2 bats (D:3)
  A frilled lizard (D:1)
  6 kobolds
  7 rats
91 creatures vanquished.

Vanquished Creatures (others)
  13 plants (D:1)
13 creatures vanquished.

Grand Total: 104 creatures vanquished

Notes
Turn   | Place    | Note
-------+----------+-------------------------------------------
     0 | D:1      | quakins the Troll Transmuter began the quest for the Orb.
     0 | D:1      | Reached XP level 1. HP: 18/18 MP: 1/1
    68 | D:1      | Reached XP level 2. HP: 13/26 MP: 2/2
   161 | D:1      | Reached skill level 4 in Unarmed Combat
   229 | D:1      | Reached XP level 3. HP: 32/32 MP: 3/3
   295 | D:1      | Found a faded altar of an unknown god.
   454 | D:1      | You fall into a shaft and drop 1 floor!
   476 | D:2      | Learned a level 2 spell: Wereblood
   829 | D:2      | Reached XP level 4. HP: 30/40 MP: 4/4
  1166 | D:1      | Reached skill level 5 in Unarmed Combat
  1911 | D:3      | Found a white marble altar of Elyvilon.
  2089 | D:4      | Reached XP level 5. HP: 46/46 MP: 5/5
  2136 | D:4      | Reached skill level 6 in Unarmed Combat
  2380 | D:4      | Reached XP level 6. HP: 54/54 MP: 6/6
  2686 | D:4      | Reached skill level 7 in Unarmed Combat
  3110 | D:5      | Entered Level 5 of the Dungeon
  3174 | D:5      | Reached skill level 8 in Unarmed Combat
  3203 | D:5      | Found a bloodstained altar of Trog.
  3205 | D:5      | Found an ancient bone altar of Kikubaaqudgha.
  3219 | D:5      | Reached XP level 7. HP: 33/61 MP: 7/7
  3383 | D:5      | Found a staircase to the Ecumenical Temple.
  3401 | D:5      | HP: 1/61 [ogre/+0 giant club (24)]
  3403 | D:5      | Annihilated by an ogre

Illustrated notes

Levels and vault maps discovered:
D:1:      roderic_crop_circles_arrival_small, layout_rooms,
          shapermc_ecumenical_altar_ellora, serial_bayou_lagoon_a
D:2:      layout_loops_ring
D:3:      layout_loops_ring, nicolae_overflow_hidden_temple
D:4:      layout_basic
D:5:      layout_loops_ring, chequers_temple_overflow_statue_of_worship,
          temple_doors_e, ebering_ghost_reflecting_pool,
          corexii_leaking_fountain, serial_park_tiny_pond, cheibrodos_gnoll_hut

Skill      XL: |  1  2  3  4  5  6 |
---------------+-------------------+-----
Unarmed Combat | 4 5 6 8 |  8.6
Fighting       | |  0.7
Dodging        | |  1.5
Spellcasting   | |  1.2
Transmutations | |  1.4

Action                   |  1- 3 |  4- 6 |  7- 9 || total
-------------------------+-------+-------+-------++-------
Melee: Unarmed           |   129 |   105 |    26 ||   260
       Punch             |     1 |     3 |     2 ||     6
  Use: Scroll            |       |     3 |       ||     3
       Potion            |       |     1 |       ||     1
 Stab: Sleeping          |       |     1 |       ||     1
Armor: Robe              |    78 |    32 |     7 ||   117
Dodge: Dodged            |   130 |    40 |    16 ||   186
